cohdb
Replays
Latest Replays
All Replays
Popular Replays
Top Player Replays
Match Explorer
How It Works
Community
CoH3 Stats
Reddit
Sign in to upload your games and track your stats! →
Sign in with Steam
Match 46304669
Unlisted
Match 46304669
Overview
Messages
Build Orders
End
Kradschützen Motorcycle Team
Selects Italian Combined Arms Battlegroup
Selects Bersaglieri Squad
Bersaglieri Squad
Bersaglieri Squad
Construct Light Support Kompanie
Bersaglieri Squad
Selects Bersaglieri Bolster
2.5-tonne Medical Truck
Fire Support Elements
Pak 38 Mechanized Group
Veteran Squad Leaders
Selects Breda Model 30 Light Machine Guns
Construct Panzerarmee Kommand
Emergency Repair Kits
Armored Reserves
Pak 38 Anti-tank Gun Team
Selects Semovente da 75/18 Assault Gun
Selects Strafing Run
Selects Artillery Cover
Strafing Run
Panzer IV Assault Group
Strafing Run
Tungsten Core Ammunition
Rapid Advance
Strafing Run
Tiger Heavy Tank
Strafing Run
faunusflora
Eilte
Angrybirds
CAuMOH
0
0
Comments
sign in to comment!
No comments posted yet!